Map: [ESL] Goldenaura

Players

Firefly - Winner!

  • Race: Protoss Protoss
  • Spawn Location: 5:00

Jim

  • Race: Protoss Protoss
  • Spawn Location: 12:00

Event: ESL SC2 Masters 2024 Spring (Regional)

VOD

Have the link to the VOD?

Description

Time

  • Played on: April 11, 2024, 9:31 a.m.
  • Length: 7:19

All games in this series

Show
View Real Time Build Order
Export as new Build Order

Firefly Protoss - Winner!

Build Orders: Phoenix Opening, Blink Stalkers 

Get SALT Encoding   

  12  0:00  Probe  
  13  0:12  Probe  
  14  0:17  Pylon  
  14  0:24  Probe  
  15  0:36  Probe (Chrono Boost)  
  15  0:37  Gateway  
  16  0:46  Assimilator  
  16  0:47  Probe (Chrono Boost)  
  17  0:51  Probe (Chrono Boost)  
  17  0:55  Assimilator  
  18  1:03  Probe (Chrono Boost)  
  19  1:08  Gateway  
  19  1:14  Probe (Chrono Boost)  
  20  1:19  Probe (Chrono Boost)  
  21  1:25  Cybernetics Core  
  21  1:30  Probe  
  22  1:37  Pylon  
  22  1:42  Probe  
  23  1:55  Probe  
  24  2:03  Warp Gate, Adept x2  
  28  2:15  Pylon  
  28  2:18  Pylon  
  28  2:28  Probe  
  29  2:32  Sentry  
  29  2:35  Sentry  
  33  2:48  Nexus  
  33  2:50  Probe  
  34  3:01  Twilight Council  
  34  3:02  Probe  
  35  3:14  Shield Battery  
  35  3:15  Probe (Chrono Boost)  
  37  3:27  Pylon, Probe (Chrono Boost)  
  37  3:33  Probe (Chrono Boost)  
  38  3:40  Blink (Chrono Boost)  
  38  3:41  Probe  
  37  3:51  Stalker  
  37  3:52  Stalker  
  41  3:58  Phoenix, Probe (Chrono Boost)  
  40  4:05  Probe (Chrono Boost)  
  40  4:09  Probe (Chrono Boost)  
  42  4:13  Probe (Chrono Boost)  
  42  4:15  Stalker, Probe (Chrono Boost)  
  46  4:18  Stalker  
  46  4:19  Probe  
  48  4:24  Probe  
  48  4:31  Probe  
  50  4:37  Probe  
  51  4:39  Stalker  
  51  4:41  Stalker  
  51  4:43  Probe  
  56  4:47  Robotics Facility, Gateway  
  56  4:55  Pylon  
  56  5:04  Stalker x2  
  60  5:14  Gateway  
  60  5:19  Probe  
  60  5:27  Nexus  
  60  5:28  Stalker x2  
  64  5:41  Probe  
  66  5:43  Assimilator  
  66  5:44  Observer  
  66  5:48  Stalker  
  69  5:53  Pylon  
  69  5:54  Stalker  
  70  5:57  Pylon  
  70  6:11  Probe x2  
  70  6:13  Stalker x3  
  68  6:23  Probe  
Show
View Real Time Build Order
Export as new Build Order

Jim Protoss 

Build Orders: Oracle Opening, Phoenix Opening 

Get SALT Encoding   

  12  0:00  Probe  
  13  0:12  Probe  
  14  0:17  Pylon  
  14  0:24  Probe  
  15  0:36  Gateway  
  15  0:37  Probe (Chrono Boost)  
  16  0:47  Assimilator, Probe (Chrono Boost)  
  17  0:52  Probe (Chrono Boost)  
  17  0:56  Assimilator  
  18  1:03  Probe (Chrono Boost)  
  19  1:09  Gateway  
  19  1:13  Probe (Chrono Boost)  
  19  1:18  Probe (Chrono Boost)  
  21  1:27  Cybernetics Core  
  21  1:30  Probe  
  22  1:36  Pylon  
  22  1:42  Probe  
  23  1:54  Probe  
  24  2:04  Sentry, Stalker  
  28  2:09  Warp Gate  
  28  2:13  Pylon  
  28  2:14  Probe  
  29  2:35  Phoenix  
  28  2:38  Stargate  
  28  2:46  Nexus  
  28  2:53  Stalker  
  30  3:03  Shield Battery  
  30  3:07  Stalker  
  30  3:10  Probe  
  33  3:19  Oracle (Chrono Boost)  
  33  3:22  Probe  
  35  3:34  Probe  
  33  3:42  Pylon  
  33  3:46  Probe  
  33  3:54  Oracle (Chrono Boost)  
  33  4:00  Probe (Chrono Boost)  
  38  4:08  Probe (Chrono Boost)  
  39  4:10  Probe (Chrono Boost)  
  39  4:15  Probe (Chrono Boost)  
  40  4:20  Stalker x2  
  40  4:21  Probe (Chrono Boost)  
  45  4:26  Probe (Chrono Boost)  
  47  4:35  Probe x2 (Chrono Boost)  
  48  4:40  Probe  
  48  4:42  Probe  
  48  4:43  Robotics Facility  
  50  4:53  Probe  
  50  4:54  Probe  
  52  5:05  Probe (Chrono Boost)  
  54  5:10  Probe (Chrono Boost)  
  54  5:13  Nexus  
  54  5:17  Probe (Chrono Boost)  
  56  5:21  Pylon  
  56  5:22  Probe (Chrono Boost)  
  56  5:23  Probe (Chrono Boost)  
  57  5:28  Immortal (Chrono Boost)  
  57  5:31  Probe  
  62  5:37  Assimilator  
  62  5:38  Probe  
  60  5:43  Twilight Council  
  60  5:44  Twilight Council  
  60  5:47  Probe, Forge  
  59  5:50  Probe  
  59  5:53  Stalker  
  59  5:56  Stalker  
  54  6:18  Stalker  
  54  6:19  Stalker  
Tags
 
Add a new tag
Caveats
  • Supply blocks, unpowered buildings, or Contaminate may cause inaccurate times.
  • Supply counts are checked every 10 seconds.